 Dungeon Crawl Stone Soup version 0.26.1-2-gb8aa6d0cf2 (webtiles) character file.

Game seed: 9572438725460601369

36 DearestLeader the Digger (level 3, 0/19 HPs)
             Began as a Gargoyle Earth Elementalist on Feb 10, 2021.
             Slain by Terence
             ... wielding a +0 hand axe
              (5 damage)
             ... on level 1 of the Dungeon.
             The game lasted 00:02:36 (1567 turns).

DearestLeader the Digger (GrEE)                     Turns: 1567, Time: 00:02:37

Health: 0/19       AC:  6    Str: 11    XL:     3   Next: 37%
Magic:  0/6        EV: 12    Int: 16    God:
Gold:   90         SH:  0    Dex: 10    Spells: 5/6 levels left

rFire    . . .     SeeInvis .   e - +0 dagger
rCold    . . .     Faith    .   (no shield)
rNeg     + . .     Spirit   .   c - +0 robe
rPois    ∞         Reflect  .   (no helmet)
rElec    +         Harm     .   j - +0 cloak
rCorr    .         Rampage  .   (no gloves)
Will     .....                  (no boots)
Stlth    ++........             (no amulet)
HPRegen  0.06/turn              (no ring)
MPRegen  0.10/turn              (no ring)

@: no status effects
A: negative energy resistance 1, electricity resistance, unbreathing,
petrification resistance, miasma immunity, AC +3
a: no special abilities


You were on level 1 of the Dungeon.
You visited 1 branch of the dungeon, and saw 2 of its levels.

You collected 90 gold pieces.

Inventory:

Hand Weapons
 e - a +0 dagger (weapon)
Missiles
 b - 34 stones
Armour
 c - a +0 robe (worn)
 j - a +0 cloak (worn)
Scrolls
 a - 4 scrolls of identify {unknown}
 d - 3 scrolls of blinking {unknown}
 g - 7 scrolls of teleportation {unknown}
 h - 2 scrolls of remove curse {unknown}
Potions
 f - a potion of invisibility {unknown}
 i - a potion of brilliance {unknown}
 k - a potion of curing {unknown}


   Skills:
 - Level 1.5 Dodging
 - Level 2.1 Stealth
 - Level 2.0 Spellcasting
 - Level 0.7 Transmutations
 * Level 5.3 Earth Magic


You had 5 spell levels left.
You knew the following spells:

 Your Spells              Type           Power        Failure   Level
a - Sandblast             Erth           36%          2%          1

Your spell library contained the following spells:

 Spells                   Type           Power        Failure   Level
 Passwall                 Tmut/Erth      9%           9%          2
 Stone Arrow              Conj/Erth      20%          22%         3
 Petrify                  Tmut/Erth      11%          52%         4
 Lee's Rapid Deconstruct  Erth           9%           54%         5


Dungeon Overview and Level Annotations

Branches:
Dungeon (2/15)

Altars:
Nemelex Xobeh

Annotations:
D:1 Terence


Innate Abilities, Weirdness & Mutations

You are resistant to torment.
Your stone body is resilient. (AC +3)
You are immune to poison.
You resist negative energy. (rN+)
You are resistant to electric shocks. (rElec)
You can survive without breathing.
You are immune to petrification.
You are immune to miasma.


Message History

Terence says, "How do you enjoy it?"
Casting: Sandblast (safe; 2% risk of failure)
Confirm with . or Enter, or press ? or * to list all spells.
Aiming: Sandblast (safe; 2% risk of failure)
Press: ? - help, Shift-Dir - straight line, f/p - Terence
Aim: Terence, wielding a +0 hand axe and wearing a +0 scale mail (severely wounded, 18% to evade)
The blast of sand hits Terence but does no damage.
Terence is severely wounded.
Terence hits you with a +0 hand axe.
* * * LOW HITPOINT WARNING * * *
There is an open door here.
Casting: Sandblast (safe; 2% risk of failure)
Confirm with . or Enter, or press ? or * to list all spells.
Aiming: Sandblast (safe; 2% risk of failure)
Press: ? - help, Shift-Dir - straight line, f/p - Terence
Aim: Terence, wielding a +0 hand axe and wearing a +0 scale mail (severely wounded, 18% to evade)
The blast of sand hits Terence.
Terence is almost dead.
Terence hits you with a +0 hand axe.
You die...

############# #...........# #####
#...........############### ....#
#...........+..............
...)###...........####...........
..................# #...........
..................# #...........
..................####...........
.......##.#>....@@...'...........
.####.###.#.#.########...........
.# #...#.#.#.# #...........
.####.#.#.#.#.##### #...........
.'....#.#.#.#.....# #...........
.######.#.#.#####.# #...........
.# #.#.#.# #)# #........... .#
#[#.#.#####.# ########)###
#######.#.#.##....# #.)##


You could see Terence.

Vanquished Creatures
  An adder (D:2)
  A worm (D:2)
  A ball python (D:1)
  5 bats (D:1)
  2 giant cockroaches
  5 goblins
  A hobgoblin (D:1)
  2 kobolds (D:1)
  A quokka (D:2)
  3 frilled lizards
22 creatures vanquished.

Notes
Turn   | Place    | Note
-------+----------+-------------------------------------------
     0 | D:1      | DearestLeader the Gargoyle Earth Elementalist began the
                  | quest for the Orb.
     0 | D:1      | Reached XP level 1. HP: 10/10 MP: 3/3
   162 | D:1      | Reached skill level 4 in Earth Magic
   327 | D:1      | Reached XP level 2. HP: 8/15 MP: 3/5
   817 | D:1      | Found a sparkling altar of Nemelex Xobeh.
  1292 | D:2      | Reached skill level 5 in Earth Magic
  1292 | D:2      | Reached XP level 3. HP: 11/19 MP: 4/6
  1303 | D:2      | Noticed Terence
  1567 | D:1      | Slain by Terence

Illustrated notes

Levels and vault maps discovered:
D:1:      amcnicky_arrival_blooded_trapdoor, layout_basic,
          nemelex_xobeh_ov_fountains_minmay
D:2:      layout_rooms, marbit_many_paths, overflow_temple_1_default,
          uniq_terence

Skill      XL: |  1  2 |
---------------+-------+-----
Earth Magic    | 4 5 |  5.3
Dodging        | |  1.5
Stealth        | |  2.1
Spellcasting   | |  2.0
Transmutations | |  0.7

Action                   || total
-------------------------++-------
Melee: Dagger            ||    67
       Unarmed           ||    11
 Cast: Sandblast         ||    20
 Stab: Sleeping          ||     3
Armor: Robe              ||    21
Dodge: Dodged            ||    49
